 Dungeon Crawl Stone Soup version 0.22-a0-398-g8bb545f (webtiles) character file.

6 organicvoodoo the Skirmisher (level 1, 0/18 HPs)
             Began as a Demonspawn Abyssal Knight on May 5, 2018.
             Was a Follower of Lugonu.
             Slain by a giant cockroach (1 damage)
             ... on level 2 of the Dungeon.
             The game lasted 00:03:29 (427 turns).

organicvoodoo the Skirmisher (DsAK)                  Turns: 427, Time: 00:03:29

Health: 0/18       AC:  3    Str: 12    XL:     1   Next: 75%
Magic:  2/2        EV: 11    Int: 13    God:    Lugonu [*.....]
Gold:   36         SH:  0    Dex: 12    Spells: 0/0 levels left

rFire    . . .     SeeInvis .   d - +0 dagger
rCold    . . .     Gourm    .   (no shield)
rNeg     . . .     Faith    .   b - +0 leather armour
rPois    .         Spirit   .   (no helmet)
rElec    .         Reflect  .   (no cloak)
rCorr    .         Harm     .   (no gloves)
MR       .....                  (no boots)
Stlth    +.........             (no amulet)
HPRegen  0.06/turn              (no ring)
MPRegen  0.08/turn              (no ring)

@: no status effects
A: hooves 1, wild magic 1
a: Depart the Abyss, Renounce Religion


You were on level 2 of the Dungeon.
You worshipped Lugonu.
Lugonu was aware of your devotion.
You were not hungry.

You visited 1 branch of the dungeon, and saw 2 of its levels.
You visited the Abyss 1 time.

You collected 36 gold pieces.

Inventory:

Hand Weapons
 a - a +1 mace
 d - a +0 dagger (weapon)
Missiles
 h - 72 arrows
Armour
 b - a +0 leather armour (worn)
 e - a +0 pair of boots
 g - a +0 ring mail
Scrolls
 f - a scroll of teleportation {unknown}
 i - a scroll of magic mapping {unknown}
Comestibles
 c - a ration


   Skills:
 + Level 3.3 Fighting
 + Level 1.8 Maces & Flails
 + Level 1.9 Armour
 + Level 0.8 Dodging
 + Level 2.4 Invocations


You couldn't memorise any spells.
You didn't know any spells.

Dungeon Overview and Level Annotations

Branches:
Dungeon (2/15)

Altars:


Innate Abilities, Weirdness & Mutations

You have large cloven feet.
Your spells are a little harder to cast, but a little more powerful.


Message History

* * * LOW HITPOINT WARNING * * *
The giant cockroach closely misses you.
You are too injured to fight recklessly!
You hit the giant cockroach but do no damage.
The bat hits you but does no damage. The giant cockroach bites you.
* * * LOW HITPOINT WARNING * * *
The giant cockroach bites you but does no damage.
The giant cockroach completely misses you.
You are too injured to fight recklessly!
You hit the giant cockroach but do no damage.
The bat hits you but does no damage.
The giant cockroach barely misses you. x2
You are too injured to fight recklessly!
You hit the giant cockroach.
The giant cockroach is lightly wounded.
The bat closely misses you.
The giant cockroach barely misses you. x2
You are too injured to fight recklessly!
You hit the giant cockroach but do no damage.
The giant cockroach is lightly wounded.
The bat hits you but does no damage. The giant cockroach bites you.
You die...

#.# #.###....?.<#
#.# #.# #.#....#
#g# #.# #......#
#.# #.# #..#.#.#
#g# #.. <......##
#.# ### #..#.#...
#.# #......#
#.##########sb..#
#....w...ggs@####
##############


You could see a dart slug, 2 giant cockroaches, a hobgoblin, a goblin and a bat.

Vanquished Creatures
  A giant cockroach (D:1)
  2 jackals (D:2)
  A frilled lizard (D:1)
  2 rats (D:1)
6 creatures vanquished.

Notes
Turn   | Place    | Note
-------+----------+-------------------------------------------
     0 | Abyss:1  | organicvoodoo the Demonspawn Abyssal Knight began the quest for the Orb.
     0 | Abyss:1  | Reached XP level 1. HP: 18/18 MP: 2/2
    25 | D:1      | Escaped the Abyss
   292 | D:1      | Gained mutation: Your spells are a little harder to cast, but a little more powerful. [potion of mutation]
   292 | D:1      | Gained mutation: You have large cloven feet. [potion of mutation]
   427 | D:2      | Slain by a giant cockroach

Vault maps used:
D:1:      dpeg_arrival_pond
D:2:      old_standard_altar, ashenzari_conservatory_becter, serial_glass,
          glass_columns_a, glass_columns_c, glass_columns_a, glass_columns_b,
          glass_columns_c, glass_columns_c, uniq_natasha

Action                   || total
-------------------------++-------
Melee: Dagger            ||    40
       Mace              ||     8
       Kick              ||     6
  Use: Potion            ||     1
Armor: Leather armour    ||    36
Dodge: Dodged            ||    59

Table legend:
 A = Spawn XP
 B = Non-spawn XP
 C = Spawn XP percentage of total XP
 D = Spawn monster count
 E = Non-spawn monster count
 F = Spawn count percentage of total count
 G = Total turns spent on level
                    A         B        C        D         E        F      G
               +---------+---------+-------+---------+---------+-------+---------
         Total |       0 |       9 |   0.0 |       0 |       6 |   0.0 |   427
               +---------+---------+-------+---------+---------+-------+---------
           D:1 |       0 |       5 |   0.0 |       0 |       4 |   0.0 |   354
           D:2 |       0 |       4 |   0.0 |       0 |       2 |   0.0 |    48
               +---------+---------+-------+---------+---------+-------+---------
